AoeStats
← Kimik

Fortress

510723004Analyzed
1v1 RM · 15h ago on Oct 2, 2026· 52m 3s· 2 players
Game mode
Random Map
Map size
Small (3 player)
Population
200
Speed
Normal
Resources
Standard
Victory
Conquest
Starting age
Dark Age
Ending age
Imperial Age
RankedLock teamsTeams togetherTeam positionsShared explorationLock speedFull tech treeHidden civsTurbo modeCheats
Victory
Defeat
🇪🇸 Burgundians · Spain
1080
+18
🇩🇪 Lithuanians · Germany
1120
-18
HellasFip
5:49 Feudal Age
7:05 Double-Bit Axe
7:29 Loom
11:26 Castle Age
10:37 Forging
19:13 Bow Saw
19:05 Horse Collar
21:19 Stone Mining
25:18 Imperial Age
22:34 Town Watch
23:25 Wheelbarrow
23:54 Gold Mining
24:58 Sanctity
24:31 Elite Skirmisher
26:23 Conscription
26:08 Tower Shields
27:47 Block Printing
28:56 Fletching
29:12 Scale Barding Armor
29:43 Iron Casting
31:29 Bloodlines
31:19 Husbandry
31:24 Padded Archer Armor
33:34 Ballistics
33:41 Cavalier
34:22 Pikeman
35:02 Squires
36:10 Halberdier
37:16 Scale Mail Armor
38:29 Chain Barding Armor
38:05 Bodkin Arrow
39:20 Chain Mail Armor
43:02 Chemistry
43:27 Two-Man Saw
Kimik
3:43 Double-Bit Axe
4:21 Horse Collar
7:59 Feudal Age
7:01 Gold Mining
8:46 Heavy Plow
9:06 Bow Saw
12:38 Castle Age
11:11 Bow Saw
12:07 Gold Shaft Mining
11:54 Forging
12:57 Scale Barding Armor
13:50 Crop Rotation
13:17 Cavalier
14:35 Loom
15:14 Husbandry
16:19 Iron Casting
18:11 Scale Mail Armor
20:46 Wheelbarrow
20:09 Stone Mining
22:13 Hand Cart
23:06 Stone Shaft Mining
27:15 Imperial Age
27:29 Paladin
28:17 Burgundian Vineyards
28:33 Conscription
28:40 Squires
31:33 Blast Furnace
30:54 Chain Barding Armor
31:21 Chain Mail Armor
33:02 Chemistry
32:23 Ballistics
35:18 Plate Barding Armor
35:14 Plate Mail Armor
35:32 Devotion
36:17 Padded Archer Armor
Connection lost

Rejoining the realm…

Still unreachable

The connection could not be restored.

Session expired

The server has moved on; the page needs a fresh start.